 Dungeon Crawl Stone Soup version 0.27.0-1-g7a089689b8 (webtiles) character file.

Game seed: 14160771188795323475

8955 Rrauwl the Severer (level 11, -23/89 HPs)
             Began as a Minotaur Berserker on Aug 14, 2021.
             Was an Elder of Trog.
             Annihilated by an entropy weaver simulacrum (27 damage)
             ... in an ice cave.
             The game lasted 00:42:47 (10986 turns).

Rrauwl the Severer (Minotaur Berserker)            Turns: 10986, Time: 00:42:55

Health: -23/89     AC:  8    Str: 23    XL:     11   Next: 16%
Magic:  10/10      EV: 12    Int: 10    God:    Trog [****..]
Gold:   1157       SH:  5    Dex: 12    Spells: 10/10 levels left

rFire    . . .     SeeInvis .   r - +0 war axe
rCold    . . .     Faith    +   o - +0 buckler {rN+}
rNeg     + . .     Spirit   .   n - +0 acid dragon scales
rPois    .         Reflect  .   (helmet restricted)
rElec    .         Harm     .   (no cloak)
rCorr    +         Rampage  .   (no gloves)
Will     .....                  m - +0 pair of boots {Fly}
Stlth    +.........             t - amulet of faith
HPRegen  0.24/turn              v - +6 ring of intelligence
MPRegen  0.12/turn              (no ring)

@: flying
A: horns 2, retaliatory headbutt, mutation resistance 1, noise suppression
a: Renounce Religion, Berserk, Trog's Hand, Brothers in Arms


You were in an ice cave.
You worshipped Trog.
Trog was greatly pleased with you.
You visited 3 branches of the dungeon, and saw 12 of its levels.
You also visited: Sewer and Ice Cave.

You collected 1465 gold pieces.
You spent 308 gold pieces at shops.

Inventory:

Hand Weapons
 r - a +0 war axe (weapon)
 s - a +1 flail of protection
Missiles
 b - 65 arrows
 f - 6 curare-tipped darts (quivered)
 j - 9 poisoned darts
Armour
 m - a +0 pair of boots of flying (worn)
 n - +0 acid dragon scales (worn)
 o - a +0 buckler of positive energy (worn)
Jewellery
 t - an amulet of faith (around neck)
 v - a +6 ring of intelligence (left hand)
Wands
 e - a wand of paralysis (6)
 q - a wand of flame (41)
Scrolls
 c - 6 scrolls of teleportation
 d - a scroll of immolation
 h - 3 scrolls of identify
 i - a scroll of torment
 k - a scroll of fear
 l - a scroll of summoning
 u - 3 scrolls of fog
Potions
 g - a potion of resistance
 p - a potion of invisibility
 z - 6 potions of heal wounds
 D - 4 potions of curing


   Skills:
 - Level 6.0 Fighting
 + Level 17.1 Axes
 - Level 6.0 Armour
 - Level 3.0 Dodging
 - Level 5.0 Shields
 - Level 3.0 Evocations


You had 10 spell levels left.
You didn't know any spells.
Your spell library was empty.

Dungeon Overview and Level Annotations

Branches:
Dungeon (9/15)             Temple (1/1) D:4            Lair (2/6) D:8
  Sewer (visited)           IceCv (1/1)
  Swamp: Lair:2-4    Shoals: Lair:2-4     Snake: Lair:2-4    Spider: Lair:2-4
    Orc: D:9-12

Altars:
Ashenzari
Cheibriados
Dithmenos
Elyvilon
Fedhas
Gozag
Hepliaklqana
Kikubaaqudgha
Makhleb
Nemelex Xobeh
Okawaru
Qazlal
Sif Muna
Uskayaw
Vehumet
Wu Jian
Xom
Yredelemnul
Zin
The Shining One
Lugonu

Shops:
D:3 *   D:8 [

Annotations:
Lair:2 Urug


Innate Abilities, Weirdness & Mutations

You have a pair of horns on your head.
You reflexively headbutt those who attack you in melee.
You are somewhat resistant to further mutation.
You passively dampen the noise of your surroundings.


Message History

No target in view!
No target in view!
A two-headed ogre simulacrum comes into view.
You block the two-headed ogre simulacrum's attack.
The two-headed ogre simulacrum closely misses you.
You slash the two-headed ogre simulacrum!
The two-headed ogre simulacrum is moderately damaged.
The two-headed ogre simulacrum hits you but does no damage.
The two-headed ogre simulacrum closely misses you.
You slash the two-headed ogre simulacrum!
The two-headed ogre simulacrum is almost destroyed.
You slice the two-headed ogre simulacrum!!
The two-headed ogre simulacrum vaporises!
Trog accepts your kill.
No target in view!
No target in view!
A cane toad simulacrum comes into view.
The cane toad simulacrum moves out of view. 3 simulacra come into view.
A cane toad simulacrum is nearby!
You barely miss the cane toad simulacrum.
You headbutt the cane toad simulacrum, but do no damage.
You slash the cane toad simulacrum! You headbutt the cane toad simulacrum.
The cane toad simulacrum vaporises!
Trog accepts your kill.
No reachable target in view!
No reachable target in view!
You hit the entropy weaver simulacrum but do no damage.
You headbutt the entropy weaver simulacrum!
The entropy weaver simulacrum is moderately damaged.
The entropy weaver simulacrum hits you.
The entropy weaver simulacrum freezes you!!
The entropy weaver simulacrum closely misses you.
The entropy weaver simulacrum hits you.
The entropy weaver simulacrum freezes you!!!
* * * LOW HITPOINT WARNING * * *
The entropy weaver simulacrum hits you!
* * * LOW HITPOINT WARNING * * *
The entropy weaver simulacrum freezes you!!
You die...

###### ###....###
##........###
##....###....##
#...### ###..@###
#...## ..####Z.##
######..##.... #...#
#.#........... ###..#
.........##..)##...##
...##.#### ##...##
.###≈≈≈# ###...##
###≈≈≈######..Z###
###.........##


You could see an entropy weaver simulacrum.

Vanquished Creatures
  A hydra (D:7)
  An oklob plant (Lair:1)
  2 ice statues (IceCv)
  4 black mambas
  Maggie (D:8)
  A komodo dragon (D:8)
  2 rime drakes (Lair:2)
  An ice devil (IceCv)
  Sigmund (D:6)
  5 yaks (D:8)
  Grum (D:8)
  A basilisk (Lair:1)
  Eustachio (D:6)
  A death yak simulacrum (IceCv)
  A water moccasin (Lair:1)
  An orc warrior (D:7)
  2 ice beasts (D:6)
  A black bear (Lair:2)
  5 wolves
  2 ogres
  A centaur (D:8)
  3 kobold brigands
  The ghost of Descartes the Sneak, an amateur SpWn (D:5)
  5 bullfrogs
  4 scorpions
  2 two-headed ogre simulacra (IceCv)
  A cane toad simulacrum (IceCv)
  2 bullfrog zombies
  2 centaur zombies
  2 orc priests
  A gnoll shaman (D:7)
  A bullfrog skeleton (D:6)
  2 hounds
  A jelly (D:6)
  An iguana (D:5)
  An orc wizard (D:8)
  A spriggan simulacrum (IceCv)
  A troll simulacrum (IceCv)
  A hound skeleton (D:4)
  A mummy (D:7)
  7 gnolls
  2 naga simulacra (IceCv)
  3 river rats
  9 adders
  2 white imps (IceCv)
  2 ufetubi (IceCv)
  3 worms
  3 dart slugs
  16 orcs
  17 ball pythons
  6 bats
  7 endoplasms
  5 giant cockroaches
  5 goblins
  4 hobgoblins
  20 kobolds
  2 quokkas (D:1)
  7 frilled lizards
  11 rats
200 creatures vanquished.

Vanquished Creatures (collateral kills)
  An oklob plant (Lair:1)
  A cane toad (Lair:1)
2 creatures vanquished.

Vanquished Creatures (others)
  A fungus (Lair:2)
  16 plants
17 creatures vanquished.

Grand Total: 219 creatures vanquished

Notes
Turn   | Place    | Note
-------+----------+-------------------------------------------
     0 | D:1      | Rrauwl the Minotaur Berserker began the quest for the Orb.
     0 | D:1      | Reached XP level 1. HP: 19/19 MP: 0/0
   273 | D:1      | Reached XP level 2. HP: 22/27 MP: 1/1
   493 | D:1      | Reached ** piety under Trog
   509 | D:1      | Reached skill level 4 in Axes
   580 | D:1      | Found a faded altar of an unknown god.
   889 | D:1      | Reached XP level 3. HP: 31/33 MP: 2/2
  2091 | D:3      | Found a shadowy altar of Dithmenos.
  2250 | D:3      | Found Kaomp's General Store.
  2262 | D:3      | Reached XP level 4. HP: 25/40 MP: 3/3
  2274 | D:3      | Found a glowing drain.
  2329 | Sewer    | Entered a sewer
  2696 | Sewer    | Reached *** piety under Trog
  2891 | Sewer    | Reached skill level 5 in Axes
  3358 | Sewer    | Reached XP level 5. HP: 45/46 MP: 4/4
  3496 | Sewer    | Reached skill level 1 in Evocations
  3509 | Sewer    | Identified a scroll of acquirement
  3509 | Sewer    | Acquired a +0 pair of boots of flying
  3542 | Sewer    | Reached skill level 6 in Axes
  3542 | Sewer    | Reached XP level 6. HP: 51/52 MP: 5/5
  3544 | Sewer    | Gained mutation: You are frail. (-10% HP) [potion of
                  | mutation]
  3544 | Sewer    | Gained mutation: You passively dampen the noise of your
                  | surroundings. [potion of mutation]
  3554 | Sewer    | Acquired 909 gold pieces
  3570 | D:3      | Bought a +0 buckler of positive energy for 119 gold pieces
  3570 | D:3      | Bought a wand of flame (12) for 98 gold pieces
  3570 | D:3      | Bought a scroll of teleportation for 42 gold pieces
  3570 | D:3      | Bought a scroll of immolation for 49 gold pieces
  3740 | D:3      | Found a blossoming altar of Fedhas.
  4011 | D:4      | Found a staircase to the Ecumenical Temple.
  4026 | D:4      | Reached **** piety under Trog
  4028 | Temple   | Entered the Ecumenical Temple
  4287 | D:4      | Reached skill level 1 in Shields
  4511 | D:4      | Found a basalt altar of Yredelemnul.
  4650 | D:5      | Entered Level 5 of the Dungeon
  4868 | D:5      | Reached XP level 7. HP: 54/54 MP: 6/6
  5024 | D:5      | Found a runed translucent door.
  5024 | D:5      | Noticed Descartes's ghost (amateur SpWn)
  5158 | D:5      | Found an ornate altar of the Wu Jian Council.
  5298 | D:5      | Killed Descartes's ghost
  5338 | D:6      | Noticed Eustachio
  5412 | D:6      | Killed Eustachio
  5413 | D:6      | Reached skill level 5 in Fighting
  5413 | D:6      | Reached skill level 7 in Axes
  5413 | D:6      | Reached skill level 5 in Armour
  5533 | D:6      | Lost mutation: You are frail. (-10% HP) [potion of
                  | mutation]
  5533 | D:6      | Gained mutation: You are somewhat resistant to further
                  | mutation. [potion of mutation]
  5599 | D:6      | Noticed Sigmund
  5614 | D:6      | Killed Sigmund
  5615 | D:6      | Reached XP level 8. HP: 68/68 MP: 7/7
  5673 | D:6      | Reached skill level 5 in Shields
  5742 | D:6      | Reached skill level 8 in Axes
  5772 | D:6      | Reached skill level 9 in Axes
  5927 | D:6      | Found a sparkling altar of Nemelex Xobeh.
  5927 | D:6      | Found an opulent altar of Gozag.
  6159 | D:7      | Reached skill level 10 in Axes
  6613 | D:7      | Noticed an eight-headed hydra
  6622 | D:7      | Killed an eight-headed hydra
  6623 | D:7      | Reached skill level 12 in Axes
  6623 | D:7      | Reached XP level 9. HP: 54/74 MP: 8/8
  6804 | D:7      | Found a shimmering blue altar of Sif Muna.
  6834 | D:7      | Found a burning altar of Makhleb.
  6901 | D:7      | Found a snail-covered altar of Cheibriados.
  7278 | D:8      | Found a white marble altar of Elyvilon.
  7302 | D:8      | Found Ugioklo's Antique Armour Emporium.
  7496 | D:8      | Found a hide-covered altar of Uskayaw.
  7578 | D:8      | Noticed Grum
  7596 | D:8      | Killed Grum
  7597 | D:8      | Reached skill level 13 in Axes
  7765 | D:8      | Noticed Maggie
  8117 | D:8      | Killed Maggie
  8118 | D:8      | Reached XP level 10. HP: 83/83 MP: 9/9
  8167 | D:8      | Found a staircase to the Lair.
  8194 | D:8      | Reached skill level 14 in Axes
  8347 | D:8      | Found a glowing golden altar of the Shining One.
  8425 | Lair:1   | Entered Level 1 of the Lair of Beasts
  8456 | Lair:1   | Noticed an oklob plant
  8456 | Lair:1   | Noticed an oklob plant
  8902 | Lair:1   | Noticed a cane toad
  8904 | Lair:1   | Killed a cane toad
  8972 | Lair:1   | Identified the +6 falchion of Udiose {freeze, rN++ Stlth-}
  9481 | Lair:1   | Killed an oklob plant
  9482 | Lair:1   | Reached skill level 15 in Axes
  9484 | Lair:1   | Killed an oklob plant
  9520 | Lair:2   | Noticed a black mamba
  9539 | Lair:2   | Killed a black mamba
  9602 | Lair:2   | Noticed Urug
  9602 | Lair:2   | Noticed a black mamba
  9616 | Lair:1   | Killed a black mamba
  9792 | Lair:2   | Noticed a black mamba
  9792 | Lair:2   | Noticed a black mamba
  9797 | Lair:2   | Killed a black mamba
  9798 | Lair:2   | Reached skill level 16 in Axes
  9799 | Lair:2   | Killed a black mamba
 10077 | Lair:2   | Found a frozen archway.
 10084 | Lair:2   | Reached XP level 11. HP: 89/89 MP: 10/10
 10088 | IceCv    | Entered an ice cave
 10768 | IceCv    | Reached skill level 17 in Axes
 10986 | IceCv    | HP: 4/89 [entropy weaver simulacrum (8)]
 10986 | IceCv    | Annihilated by an entropy weaver simulacrum

Illustrated notes

Levels and vault maps discovered:
D:1:      arrival_zaba_pyramid, layout_rooms, chequers_ecumenical_altar_island,
          chequers_serial_rivers_large_b
D:2:      layout_basic
D:3:      layout_rooms, mainiacjoe_overflow_24_doors, fedhas_altar_1,
          serial_shops, nicolae_shop_trees, portal_sewer_entry_b
D:4:      layout_cave_pools, general_overflow_altar, minmay_temple_entry_glass
D:5:      layout_gridville, lemuel_doored_altar, hellmonk_ghost_happy_afterlife
D:6:      layout_basic, grunt_temple_overflow_opulence, uniq_eustachio,
          uniq_sigmund
D:7:      layout_rooms, lemuel_tele_altar, slow_altar_1,
          nicolae_sif_muna_condensation, serial_corexii_hall,
          corexii_hall_statues_i, corexii_hall_statues_i,
          corexii_hall_statues_i, chequers_hall_statues_corner_a
D:8:      layout_rooms, mainiacjoe_overflow_alcove_1,
          nicolae_uskayaw_dance_hall, tso_oasis_becter, david_lair_shrubbed,
          serial_shops, shop, hangedman_decor_points, minmay_liquid_box,
          uniq_grum, uniq_maggie
D:9:      layout_irregular_city, nicolae_overflow_hidden_temple
Temple:   corrupted_temple
Lair:1:   layout_regular_city, infiniplex_staircase_pool,
          minmay_lair_oklob_chamber, grunt_megastairs_1, lemuel_fruit_tree
Lair:2:   layout_hall_layers, minmay_snake_entry_guardpost_small,
          portal_ice_cave_rime, cheibrodos_lair_reptile_den, grunt_megastairs_4,
          uniq_urug
IceCv:    ice_cave_small_demon

Skill      XL: |  1  2  3  4  5  6  7  8  9 10 11 |
---------------+----------------------------------+-----
Axes           | 4 5 6 7 12 13 16 17 | 17.1
Fighting       | 4 5 6 |  6.0
Armour         | 3 4 5 6 |  6.0
Dodging        | 3 |  3.0
Evocations     | 2 3 |  3.0
Shields        | 2 4 5 |  5.0

Action                   |  1- 3 |  4- 6 |  7- 9 | 10-12 || total
-------------------------+-------+-------+-------+-------++-------
Melee: Hand axe          |   109 |   198 |   204 |    70 ||   581
       Headbutt          |    14 |    27 |    46 |    48 ||   135
       Flail             |       |       |     5 |       ||     5
       War axe           |       |       |       |   127 ||   127
Throw: Dart              |       |       |     1 |       ||     1
Invok: Berserk           |       |     3 |     9 |     8 ||    20
       Trog's Hand       |       |       |     4 |     1 ||     5
       Brothers in Arms  |       |       |       |     2 ||     2
Evoke: Wand              |       |     3 |       |       ||     3
  Use: Potion            |     2 |     6 |     6 |       ||    14
       Scroll            |     6 |     6 |     1 |       ||    13
 Stab: Invisible         |       |     1 |       |       ||     1
Armor: Leather armour    |    17 |       |       |       ||    17
       Chain mail        |    12 |    70 |    66 |       ||   148
       Acid dragon scale |       |       |       |    31 ||    31
Dodge: Dodged            |    59 |    55 |    51 |    72 ||   237
Block: Buckler           |       |    14 |    33 |    21 ||    68
